Workbook

Sheet Guide utilisateur
A1: Comment utiliser ce document ?
A3: Données de base
A4: 1 | B4: En premier lieu il faut compléter l'onglet "Les normes-données de base" les cellules mentionnées en
B5: Insérer le conjoint/concubin, les enfants ou colocataires !
B6: Par contre inscrire le nombre total de personne dans le ménage à la ligne 19
B7: Inscrire le nombre de personne aidée à la ligne 20
B8: S'il y a des modifications à apporter dans les données personnelles en cours d'année (état civil, nombre de personnes dans le ménage, nombre de personnes aidées), il faut IMPERATIVEMENT le modifier dans l'onglet "Les normes-données de base" le mois concerné !
A9: Caisse maladie
A10: 2 | B10: Compléter les cellules du mois de janvier de l'onglet "Caisse maladie " | E10: de l'onglet "Caisse maladie "
B11: S'il y a des modifications à apporter dans les caisses maladie en cours d'année , il faut IMPERATIVEMENT le modifier dans l'onglet "Caisse maladie" le mois concerné !
A12: Ressources
A15: Prestations circonstancielles
B16: Pour les frais de transports, remplir l'onglet "frais de transport"
B17: Pour les repas pris hors du domicile mentionner le nombre de repas dans la cellule correspondante de la colonne D
B18: Pour toutes les autres prestations circonstancielles, acceptées par la ComSoc, il faut les mentionner dans les 4 lignes prévues à cet effet et mentionner le montant dans la colonne correspondante
A19: Frais de logement
A21: Besoins fondamentaux
B22: Pour les factures uniques (payées en une fois) pour lesquelles vous n'avez pas fait de retenue par le compte SG, veuillez les mentionner sur les lignes prévues à cet effet avec la couleur rose dans la colonne B. PS ne pas oublier de mentionner le montant dans la colonne correspondante (payée par le service ou payée par le bénéficiaire)
B23: Pour les factures à paiements échelonnés sur plusieurs mois, il est impératif de compléter l'onglet "paiements échelonnés" uniquement. La magie d'excel fera le reste !!
B24: Pour les factures uniques (payées en une fois) pour lesquelles AVEZ FAIT une retenue par le compte SG, veuillez les mentionner sur les lignes prévues à cet effet avec la couleur rose dans la colonne B. Dans ce cas, le montant doit IMPERATIVEMENT être mentionné dans la colonne SG.
A25: Frais médicaux
B26: Pour les décompte de participation de la CM, mentionner uniquement le No de décompte dans la colonne C et le montant à payer dans la colonne correspondante (payé par le bénéficiaire ou payé par le service)
B27: Pour les décompte de remboursement de la caisse de compensation, mentionner uniquement la date du décompte dans la colonne C et le montant à recevoir (à inscrire impérativement avec un moins devant le montant, exemple -412.80) dans la colonne correspondante (reçu par le bénéficiaire ou reçu par le service)
A28: Suppléments
A32: Paiements échelonnés | I32: si ca commence en cours d'année ?
A36: Pièces justificatives et factures
A38: Conclusion
A39: Votre avis m'intéresse
A40: Si vous pensez qu'on pourrait améliorer le document en question faites le moi savoir!
A41: En attendant, je vous souhaite beaucoup de plaisir à le tester !

Sheet Les normes-données de base
A1: Année : | B1: 2015
B2: Tête de cordée | D2: Conjoint/concubin | E2: Enfant 1 | F2: Enfant 2 | G2: Enfant3 | H2: Enfant4 | I2: Enfant 5 | J2: coloc1 | K2: coloc2 | L2: coloc3 | M2: coloc4
A3: Bénéficiaires : | B3: Nicole Villet | E3: Colin Villet | F3: Charlyne Villet
A4: No Magic | B4: 977
A5: AS : | B5: NV
A6: Solde SSC au 1.1. | B6: -402.85
A7: Solde SG au 1.1. | B7: -11213.4
A8: Date de naissance : | B8: 24682 | D8: 0 | E8: 35071 | F8: 35628
A9: Commune d'origine : | B9: Treyvaux
A10: Canton origine : | B10: FR
A11: Pays : | B11: CH
A12: Domicile LFA : | B12: 2231
A13: Domicile LaSoc : | B13: 2231
A14: Adresse : | B14: Impasse de l'Opéra 1 | D14: 1696 Vuisternens-en-Ogoz
A15: Article : | B15: 32/33
A16: Année de création : | B16: 2014
A17: Données personnelles | B17: état civil | C17: nb personnes dans le ménage | D17: nb personnes aidées
A18: janvier | B18: veuve | C18: 3 | D18: 2
A19: février | B19: =B18 -> veuve | C19: =C18 -> 3 | D19: =D18 -> 2
A20: mars | B20: =B19 -> veuve | C20: =C19 -> 3 | D20: =D19 -> 2
A21: avril | B21: =B20 -> veuve | C21: =C20 -> 3 | D21: =D20 -> 2
A22: mai | B22: =B21 -> veuve | C22: =C21 -> 3 | D22: =D21 -> 2
A23: juin | B23: =B22 -> veuve | C23: =C22 -> 3 | D23: =D22 -> 2
A24: juillet | B24: =B23 -> veuve | C24: =C23 -> 3 | D24: =D23 -> 2
A25: août | B25: =B24 -> veuve | C25: =C24 -> 3 | D25: =D24 -> 2
A26: septembre | B26: =B25 -> veuve | C26: =C25 -> 3 | D26: =D25 -> 2
A27: octobre | B27: =B26 -> veuve | C27: =C26 -> 3 | D27: =D26 -> 2
A28: novembre | B28: =B27 -> veuve | C28: =C27 -> 3 | D28: =D27 -> 2
A29: décembre | B29: =B28 -> veuve | C29: =C28 -> 3 | D29: =D28 -> 2
A32: Forfait entretien | B32: Normes
A33: Nombre de personne | B33: forfait par mois | C33: forfait par mois/par personne
A34: 1 | B34: 977 | C34: 977 | H34: Groupe :
A35: 2 | B35: 1495 | C35: 748 | H35: Forfait entretien | I35: E
A36: 3 | B36: 1818 | C36: 606 | H36: Revenus | I36: A
A37: 4 | B37: 2090 | C37: 523 | H37: Primes maladie (Lamal) | I37: PM
A38: 5 | B38: 2364 | C38: 473 | H38: Frais médicaux / participations | I38: M
A39: 6 | B39: 2638 | C39: 440 | H39: Prestations circonstancielles | I39: C
A40: 7 | B40: 2912 | C40: 416 | H40: Frais de logement | I40: L
A41: 8 | B41: 274 | C41: 274
A43: Logement sans les charges | B43: Normes
A44: Nombre de personne | B44: loyer mensuel
A45: 1 | B45: 900
A46: 2 | B46: 1150
A47: 3 | B47: 1350
A48: 4 | B48: 1450
A49: 5 | B49: 1650
A50: 6 | B50: 1750
A51: 7 | B51: 1850
A52: 8 | B52: 1950

Sheet BU-janv
B1: Budget d'aide matérielle
B2: Mois : | C2: janvier | D2: Année : | E2: ='Les normes-données de base'!B1 -> 2015 | F2: AS : | H2: ='Les normes-données de base'!B5 -> NV
B3: Bénéficiaire : | D3: ='Les normes-données de base'!B3 -> Nicole Villet | F3: No dossier : | H3: ='Les normes-données de base'!B4 -> 977
B4: Adresse : | D4: ='Les normes-données de base'!B14 -> Impasse de l'Opéra 1 | F4: Domicile LFA : | H4: ='Les normes-données de base'!B12 -> 2231
D5: ='Les normes-données de base'!D14 -> 1696 Vuisternens-en-Ogoz | F5: Domicile LaSoc : | H5: ='Les normes-données de base'!B13 -> 2231
B6: Etat civil :
B7: Date de naissance : | D7: ='Les normes-données de base'!B8 -> 24682 | F7: Date du jour : | H7: =TODAY() -> 41975
B8: Commune d'origine : | D8: ='Les normes-données de base'!B9 -> Treyvaux
B9: Canton origine : | D9: ='Les normes-données de base'!B10 -> FR
B10: Pays : | D10: ='Les normes-données de base'!B11 -> CH
B11: Nb. pers. dans le ménage : | D11: =SUMIF('Les normes-données de base'!A18:C29,C2,'Les normes-données de base'!C18:C29) -> 3
B12: Nb. de personnes aidées : | D12: =SUMIF('Les normes-données de base'!A18:D29,C2,'Les normes-données de base'!D18:D29) -> 2
B13: Année de création : | D13: ='Les normes-données de base'!B16 -> 2014 | F13: Article : | H13: ='Les normes-données de base'!B15 -> 32/33
E14: Perçu/payé par le bénéficiaire | F14: Perçu/payé par le service | G14: Droit selon les normes | H14: Supplément compte sans garantie | J14: Groupe | K14: Code | L14: Compte
A15: Ressources | B15: Revenus
B16: Revenu de M. | E16: =SUMIFS(Ressources!D:D,Ressources!$C:$C,$B16,Ressources!$A:$A,$C$2) -> 6200 | F16: =SUMIFS(Ressources!E:E,Ressources!$C:$C,$B16,Ressources!$A:$A,$C$2) -> 0 | G16: =E16+F16 -> 6200
B17: Revenu de Mme | E17: =SUMIFS(Ressources!D:D,Ressources!$C:$C,B17,Ressources!$A:$A,$C$2) -> 0 | F17: =SUMIFS(Ressources!E:E,Ressources!$C:$C,$B17,Ressources!$A:$A,$C$2) -> 34 | G17: =E17+F17 -> 34
B18: Renevu autre membre de la famille | E18: =SUMIFS(Ressources!D:D,Ressources!$C:$C,B18,Ressources!$A:$A,$C$2) -> 0 | F18: =SUMIFS(Ressources!E:E,Ressources!$C:$C,$B18,Ressources!$A:$A,$C$2) -> 0 | G18: =E18+F18 -> 0
B19: Rente AI | E19: =SUMIFS(Ressources!D:D,Ressources!$C:$C,B19,Ressources!$A:$A,$C$2) -> 5 | F19: =SUMIFS(Ressources!E:E,Ressources!$C:$C,$B19,Ressources!$A:$A,$C$2) -> 0 | G19: =E19+F19 -> 5
B20: Prestations complémentaires | E20: =SUMIFS(Ressources!D:D,Ressources!$C:$C,B20,Ressources!$A:$A,$C$2) -> 0 | F20: =SUMIFS(Ressources!E:E,Ressources!$C:$C,$B20,Ressources!$A:$A,$C$2) -> 0 | G20: =E20+F20 -> 0
B21: Rente AVS | E21: =SUMIFS(Ressources!D:D,Ressources!$C:$C,B21,Ressources!$A:$A,$C$2) -> 0 | F21: =SUMIFS(Ressources!E:E,Ressources!$C:$C,$B21,Ressources!$A:$A,$C$2) -> 0 | G21: =E21+F21 -> 0
B22: Indemnité chômage | E22: =SUMIFS(Ressources!D:D,Ressources!$C:$C,B22,Ressources!$A:$A,$C$2) -> 0 | F22: =SUMIFS(Ressources!E:E,Ressources!$C:$C,$B22,Ressources!$A:$A,$C$2) -> 0 | G22: =E22+F22 -> 0
B23: Indemnité journalière mal/acc | E23: =SUMIFS(Ressources!D:D,Ressources!$C:$C,B23,Ressources!$A:$A,$C$2) -> 0 | F23: =SUMIFS(Ressources!E:E,Ressources!$C:$C,$B23,Ressources!$A:$A,$C$2) -> 0 | G23: =E23+F23 -> 0
B24: Allocations familiales | E24: =SUMIFS(Ressources!D:D,Ressources!$C:$C,B24,Ressources!$A:$A,$C$2) -> 0 | F24: =SUMIFS(Ressources!E:E,Ressources!$C:$C,$B24,Ressources!$A:$A,$C$2) -> 0 | G24: =E24+F24 -> 0
B25: Treizième salaire de M. | E25: =SUMIFS(Ressources!D:D,Ressources!$C:$C,B25,Ressources!$A:$A,$C$2) -> 0 | F25: =SUMIFS(Ressources!E:E,Ressources!$C:$C,$B25,Ressources!$A:$A,$C$2) -> 0 | G25: =E25+F25 -> 0
B26: Treizième salaire de Mme | E26: =SUMIFS(Ressources!D:D,Ressources!$C:$C,B26,Ressources!$A:$A,$C$2) -> 0 | F26: =SUMIFS(Ressources!E:E,Ressources!$C:$C,$B26,Ressources!$A:$A,$C$2) -> 0 | G26: =E26+F26 -> 0
B27: Bourse (étude ou autres)
B28: Autres | E28: =SUMIFS(Ressources!D:D,Ressources!$C:$C,B28,Ressources!$A:$A,$C$2) -> 0 | F28: =SUMIFS(Ressources!E:E,Ressources!$C:$C,$B28,Ressources!$A:$A,$C$2) -> 0 | G28: =E28+F28 -> 0
B29: Franchise | F29: =SUMIFS(Ressources!E:E,Ressources!$C:$C,$B29,Ressources!$A:$A,$C$2) -> 0 | G29: =E29+F29 -> 0
B30: Franchise si activité lucrative à 100 % durant 1 mois au minimum (au prorata du temps de travail : minimum 200.--/maximum 400.--) | F30: =SUMIFS(Ressources!E:E,Ressources!$C:$C,$B30,Ressources!$A:$A,$C$2) -> 0 | G30: =-SUMIFS(Ressources!F:F,Ressources!C:C,'BU-janv'!B30:B30,Ressources!A:A,C2) -> -600
B31: Total des revenus | E31: =SUM(E15:E30) -> 6205 | F31: =SUM(F15:F30) -> 34 | G31: =SUM(G15:G30) -> 5639 | H31: =SUM(H15:H30) -> 0
B32: Suppléments d'intégration | M32: A compléter ci-dessous SVP !
B33: Personne sans activité qui fournit un effort d'intégration et ne peut participer à une mesure d'intégration | G33: =SUMIFS(Supplément!C:C,Supplément!A:A,C2,Supplément!B:B,B33) -> 0
B34: Prime d'encouragement MIS | G34: =SUMIFS(Supplément!C:C,Supplément!A:A,C2,Supplément!B:B,B34) -> 250 | M34: oui | N34: Est-ce qu'une MIS est en place
B35: Famille monoparentale si enfant de moins de 16 ans et si la mère vit seule avec ses enfants, sans colocataire ou concubin | G35: =SUMIFS(Supplément!C:C,Supplément!A:A,C2,Supplément!B:B,B35) -> 0 | M35: 1 | N35: Combien de personnes sont en MIS
B36: Total des suppléments d'intégration | E36: =SUM(E33:E35) -> 0 | F36: =SUM(F33:F35) -> 0 | G36: =SUM(G33:G35) -> 250 | H36: =SUM(H33:H35) -> 0
A37: Besoins fondamentaux | B37: Forfait | G37: =(SUMIFS('Les normes-données de base'!B34:B41,'Les normes-données de base'!A34:A41,D11))/D11*D12 -> 1212 | J37: E | K37: ENT
B38: Nourriture, boissons, argent de poche, vêtements, articles pour bébés, chaussures, linges, consommation d'énergie, nettoyages, entretien de l'appartement et des vêtements, taxes déchets, achat de menus articles courants, frais de santé (sans la franchise : médicaments non remboursés par la caisse maladie d'usage courant), prime LCA, frais de transports (y.c. abonnement demi tarif : transports publics locaux) entretien vélo/vélomoteur, communication à distance (téléphone-timbres), loisirs et formation (concessions radio TV rt téléréseau, sport, journaux, jeux, livres, tabac, cinéma, animaux domestiques, frais d'écolage, fournitures scolaires etc.), soins corporels, équipement personnel, boissons prises à l'extérieur, autres (cadeaux, cotisations) assurance ménage
B39: {=INDEX('Caisse maladie'!$C$2:$C$49,MATCH(1,('Caisse maladie'!$A$2:$A$49=C2)*('Caisse maladie'!$B$2:$B$49="LCA"),0))} -> CSS | D39: LCA | E39: =SUMIFS('Caisse maladie'!D:D,'Caisse maladie'!A:A,C2,'Caisse maladie'!B:B,D39,'Caisse maladie'!E:E,"non") -> 0 | F39: =SUMIFS('Caisse maladie'!D:D,'Caisse maladie'!A:A,C2,'Caisse maladie'!B:B,D39,'Caisse maladie'!E:E,"oui") -> 12.4 | J39: E | K39: LCA
B40: =IF(OFFSET(OFFSET(INDEX('Paiements échelonnés'!C:C,MATCH($C$2,'Paiements échelonnés'!B:B,0)),ROW()-40,0),0,2)<>"",OFFSET(INDEX('Paiements échelonnés'!C:C,MATCH($C$2,'Paiements échelonnés'!B:B,0)),ROW()-40,0),"") -> Impôts communaux | C40: =IF(OFFSET(OFFSET(INDEX('Paiements échelonnés'!D:D,MATCH($C$2,'Paiements échelonnés'!B:B,0)),ROW()-40,0),0,2)<>"",OFFSET(INDEX('Paiements échelonnés'!D:D,MATCH($C$2,'Paiements échelonnés'!B:B,0)),ROW()-40,0),"") -> Commune de Farvagny | E40: =SUMIFS('Paiements échelonnés'!E:E,'Paiements échelonnés'!C:C,B40,'Paiements échelonnés'!A:A,$C$2,'Paiements échelonnés'!F:F,"non") -> 81.5 | F40: =SUMIFS('Paiements échelonnés'!E:E,'Paiements échelonnés'!C:C,B40,'Paiements échelonnés'!A:A,$C$2,'Paiements échelonnés'!F:F,"oui") -> 0 | H40: =E40+F40 -> 81.5
B41: =IF(OFFSET(OFFSET(INDEX('Paiements échelonnés'!C:C,MATCH($C$2,'Paiements échelonnés'!B:B,0)),ROW()-40,0),0,2)<>"",OFFSET(INDEX('Paiements échelonnés'!C:C,MATCH($C$2,'Paiements échelonnés'!B:B,0)),ROW()-40,0),"") -> Impôts cantonaux | C41: =IF(OFFSET(OFFSET(INDEX('Paiements échelonnés'!D:D,MATCH($C$2,'Paiements échelonnés'!B:B,0)),ROW()-40,0),0,2)<>"",OFFSET(INDEX('Paiements échelonnés'!D:D,MATCH($C$2,'Paiements échelonnés'!B:B,0)),ROW()-40,0),"") -> SCC | E41: =SUMIFS('Paiements échelonnés'!E:E,'Paiements échelonnés'!C:C,B41,'Paiements échelonnés'!A:A,$C$2,'Paiements échelonnés'!F:F,"non") -> 0 | F41: =SUMIFS('Paiements échelonnés'!E:E,'Paiements échelonnés'!C:C,B41,'Paiements échelonnés'!A:A,$C$2,'Paiements échelonnés'!F:F,"oui") -> 82.3 | H41: =E41+F41 -> 82.3
B42: =IF(OFFSET(OFFSET(INDEX('Paiements échelonnés'!C:C,MATCH($C$2,'Paiements échelonnés'!B:B,0)),ROW()-40,0),0,2)<>"",OFFSET(INDEX('Paiements échelonnés'!C:C,MATCH($C$2,'Paiements échelonnés'!B:B,0)),ROW()-40,0),"") | C42: =IF(OFFSET(OFFSET(INDEX('Paiements échelonnés'!D:D,MATCH($C$2,'Paiements échelonnés'!B:B,0)),ROW()-40,0),0,2)<>"",OFFSET(INDEX('Paiements échelonnés'!D:D,MATCH($C$2,'Paiements échelonnés'!B:B,0)),ROW()-40,0),"") | E42: =SUMIFS('Paiements échelonnés'!E:E,'Paiements échelonnés'!C:C,B42,'Paiements échelonnés'!A:A,$C$2,'Paiements échelonnés'!F:F,"non") -> 0 | F42: =SUMIFS('Paiements échelonnés'!E:E,'Paiements échelonnés'!C:C,B42,'Paiements échelonnés'!A:A,$C$2,'Paiements échelonnés'!F:F,"oui") -> 0 | H42: =E42+F42 -> 0
B43: =IF(OFFSET(OFFSET(INDEX('Paiements échelonnés'!C:C,MATCH($C$2,'Paiements échelonnés'!B:B,0)),ROW()-40,0),0,2)<>"",OFFSET(INDEX('Paiements échelonnés'!C:C,MATCH($C$2,'Paiements échelonnés'!B:B,0)),ROW()-40,0),"") | C43: =IF(OFFSET(OFFSET(INDEX('Paiements échelonnés'!D:D,MATCH($C$2,'Paiements échelonnés'!B:B,0)),ROW()-40,0),0,2)<>"",OFFSET(INDEX('Paiements échelonnés'!D:D,MATCH($C$2,'Paiements échelonnés'!B:B,0)),ROW()-40,0),"") | E43: =SUMIFS('Paiements échelonnés'!E:E,'Paiements échelonnés'!C:C,B43,'Paiements échelonnés'!A:A,$C$2,'Paiements échelonnés'!F:F,"non") -> 0 | F43: =SUMIFS('Paiements échelonnés'!E:E,'Paiements échelonnés'!C:C,B43,'Paiements échelonnés'!A:A,$C$2,'Paiements échelonnés'!F:F,"oui") -> 0 | H43: =E43+F43 -> 0
B44: =IF(OFFSET(OFFSET(INDEX('Paiements échelonnés'!C:C,MATCH($C$2,'Paiements échelonnés'!B:B,0)),ROW()-40,0),0,2)<>"",OFFSET(INDEX('Paiements échelonnés'!C:C,MATCH($C$2,'Paiements échelonnés'!B:B,0)),ROW()-40,0),"") | C44: =IF(OFFSET(OFFSET(INDEX('Paiements échelonnés'!D:D,MATCH($C$2,'Paiements échelonnés'!B:B,0)),ROW()-40,0),0,2)<>"",OFFSET(INDEX('Paiements échelonnés'!D:D,MATCH($C$2,'Paiements échelonnés'!B:B,0)),ROW()-40,0),"") | E44: =SUMIFS('Paiements échelonnés'!E:E,'Paiements échelonnés'!C:C,B44,'Paiements échelonnés'!A:A,$C$2,'Paiements échelonnés'!F:F,"non") -> 0 | F44: =SUMIFS('Paiements échelonnés'!E:E,'Paiements échelonnés'!C:C,B44,'Paiements échelonnés'!A:A,$C$2,'Paiements échelonnés'!F:F,"oui") -> 0 | H44: =E44+F44 -> 0
B45: =IF(OFFSET(OFFSET(INDEX('Paiements échelonnés'!C:C,MATCH($C$2,'Paiements échelonnés'!B:B,0)),ROW()-40,0),0,2)<>"",OFFSET(INDEX('Paiements échelonnés'!C:C,MATCH($C$2,'Paiements échelonnés'!B:B,0)),ROW()-40,0),"") | C45: =IF(OFFSET(OFFSET(INDEX('Paiements échelonnés'!D:D,MATCH($C$2,'Paiements échelonnés'!B:B,0)),ROW()-40,0),0,2)<>"",OFFSET(INDEX('Paiements échelonnés'!D:D,MATCH($C$2,'Paiements échelonnés'!B:B,0)),ROW()-40,0),"") | E45: =SUMIFS('Paiements échelonnés'!E:E,'Paiements échelonnés'!C:C,B45,'Paiements échelonnés'!A:A,$C$2,'Paiements échelonnés'!F:F,"non") -> 0 | F45: =SUMIFS('Paiements échelonnés'!E:E,'Paiements échelonnés'!C:C,B45,'Paiements échelonnés'!A:A,$C$2,'Paiements échelonnés'!F:F,"oui") -> 0 | H45: =E45+F45 -> 0
B46: =IF(OFFSET(OFFSET(INDEX('Paiements échelonnés'!C:C,MATCH($C$2,'Paiements échelonnés'!B:B,0)),ROW()-40,0),0,2)<>"",OFFSET(INDEX('Paiements échelonnés'!C:C,MATCH($C$2,'Paiements échelonnés'!B:B,0)),ROW()-40,0),"") | C46: =IF(OFFSET(OFFSET(INDEX('Paiements échelonnés'!D:D,MATCH($C$2,'Paiements échelonnés'!B:B,0)),ROW()-40,0),0,2)<>"",OFFSET(INDEX('Paiements échelonnés'!D:D,MATCH($C$2,'Paiements échelonnés'!B:B,0)),ROW()-40,0),"") | F46: =SUMIFS('Paiements échelonnés'!E:E,'Paiements échelonnés'!C:C,B46,'Paiements échelonnés'!A:A,$C$2,'Paiements échelonnés'!F:F,"oui") -> 0 | H46: =E46+F46 -> 0
B47: =IF(OFFSET(OFFSET(INDEX('Paiements échelonnés'!C:C,MATCH($C$2,'Paiements échelonnés'!B:B,0)),ROW()-40,0),0,2)<>"",OFFSET(INDEX('Paiements échelonnés'!C:C,MATCH($C$2,'Paiements échelonnés'!B:B,0)),ROW()-40,0),"") | C47: =IF(OFFSET(OFFSET(INDEX('Paiements échelonnés'!D:D,MATCH($C$2,'Paiements échelonnés'!B:B,0)),ROW()-40,0),0,2)<>"",OFFSET(INDEX('Paiements échelonnés'!D:D,MATCH($C$2,'Paiements échelonnés'!B:B,0)),ROW()-40,0),"") | F47: =SUMIFS('Paiements échelonnés'!E:E,'Paiements échelonnés'!C:C,B47,'Paiements échelonnés'!A:A,$C$2,'Paiements échelonnés'!F:F,"oui") -> 0 | H47: =E47+F47 -> 0
B48: =IF(OFFSET(OFFSET(INDEX('Paiements échelonnés'!C:C,MATCH($C$2,'Paiements échelonnés'!B:B,0)),ROW()-40,0),0,2)<>"",OFFSET(INDEX('Paiements échelonnés'!C:C,MATCH($C$2,'Paiements échelonnés'!B:B,0)),ROW()-40,0),"") | C48: =IF(OFFSET(OFFSET(INDEX('Paiements échelonnés'!D:D,MATCH($C$2,'Paiements échelonnés'!B:B,0)),ROW()-40,0),0,2)<>"",OFFSET(INDEX('Paiements échelonnés'!D:D,MATCH($C$2,'Paiements échelonnés'!B:B,0)),ROW()-40,0),"") | F48: =SUMIFS('Paiements échelonnés'!E:E,'Paiements échelonnés'!C:C,B48,'Paiements échelonnés'!A:A,$C$2,'Paiements échelonnés'!F:F,"oui") -> 0 | H48: =E48+F48 -> 0
B49: =IF(OFFSET(OFFSET(INDEX('Paiements échelonnés'!C:C,MATCH($C$2,'Paiements échelonnés'!B:B,0)),ROW()-40,0),0,2)<>"",OFFSET(INDEX('Paiements échelonnés'!C:C,MATCH($C$2,'Paiements échelonnés'!B:B,0)),ROW()-40,0),"") | C49: =IF(OFFSET(OFFSET(INDEX('Paiements échelonnés'!D:D,MATCH($C$2,'Paiements échelonnés'!B:B,0)),ROW()-40,0),0,2)<>"",OFFSET(INDEX('Paiements échelonnés'!D:D,MATCH($C$2,'Paiements échelonnés'!B:B,0)),ROW()-40,0),"") | F49: =SUMIFS('Paiements échelonnés'!E:E,'Paiements échelonnés'!C:C,B49,'Paiements échelonnés'!A:A,$C$2,'Paiements échelonnés'!F:F,"oui") -> 0 | H49: =E49+F49 -> 0
B50: =IF(OFFSET(OFFSET(INDEX('Paiements échelonnés'!C:C,MATCH($C$2,'Paiements échelonnés'!B:B,0)),ROW()-40,0),0,2)<>"",OFFSET(INDEX('Paiements échelonnés'!C:C,MATCH($C$2,'Paiements échelonnés'!B:B,0)),ROW()-40,0),"") | C50: =IF(OFFSET(OFFSET(INDEX('Paiements échelonnés'!D:D,MATCH($C$2,'Paiements échelonnés'!B:B,0)),ROW()-40,0),0,2)<>"",OFFSET(INDEX('Paiements échelonnés'!D:D,MATCH($C$2,'Paiements échelonnés'!B:B,0)),ROW()-40,0),"") | F50: =SUMIFS('Paiements échelonnés'!E:E,'Paiements échelonnés'!C:C,B50,'Paiements échelonnés'!A:A,$C$2,'Paiements échelonnés'!F:F,"oui") -> 0 | H50: =E50+F50 -> 0
B51: =IF(OFFSET(OFFSET(INDEX('Paiements échelonnés'!C:C,MATCH($C$2,'Paiements échelonnés'!B:B,0)),ROW()-40,0),0,2)<>"",OFFSET(INDEX('Paiements échelonnés'!C:C,MATCH($C$2,'Paiements échelonnés'!B:B,0)),ROW()-40,0),"") | C51: =IF(OFFSET(OFFSET(INDEX('Paiements échelonnés'!D:D,MATCH($C$2,'Paiements échelonnés'!B:B,0)),ROW()-40,0),0,2)<>"",OFFSET(INDEX('Paiements échelonnés'!D:D,MATCH($C$2,'Paiements échelonnés'!B:B,0)),ROW()-40,0),"") | F51: =SUMIFS('Paiements échelonnés'!E:E,'Paiements échelonnés'!C:C,B51,'Paiements échelonnés'!A:A,$C$2,'Paiements échelonnés'!F:F,"oui") -> 0 | H51: =E51+F51 -> 0
B52: =IF(OFFSET(OFFSET(INDEX('Paiements échelonnés'!C:C,MATCH($C$2,'Paiements échelonnés'!B:B,0)),ROW()-40,0),0,2)<>"",OFFSET(INDEX('Paiements échelonnés'!C:C,MATCH($C$2,'Paiements échelonnés'!B:B,0)),ROW()-40,0),"") | C52: =IF(OFFSET(OFFSET(INDEX('Paiements échelonnés'!D:D,MATCH($C$2,'Paiements échelonnés'!B:B,0)),ROW()-40,0),0,2)<>"",OFFSET(INDEX('Paiements échelonnés'!D:D,MATCH($C$2,'Paiements échelonnés'!B:B,0)),ROW()-40,0),"") | F52: =SUMIFS('Paiements échelonnés'!E:E,'Paiements échelonnés'!C:C,B52,'Paiements échelonnés'!A:A,$C$2,'Paiements échelonnés'!F:F,"oui") -> 0 | H52: =E52+F52 -> 0
B53: =IF(OFFSET(OFFSET(INDEX('Paiements échelonnés'!C:C,MATCH($C$2,'Paiements échelonnés'!B:B,0)),ROW()-40,0),0,2)<>"",OFFSET(INDEX('Paiements échelonnés'!C:C,MATCH($C$2,'Paiements échelonnés'!B:B,0)),ROW()-40,0),"") | C53: =IF(OFFSET(OFFSET(INDEX('Paiements échelonnés'!D:D,MATCH($C$2,'Paiements échelonnés'!B:B,0)),ROW()-40,0),0,2)<>"",OFFSET(INDEX('Paiements échelonnés'!D:D,MATCH($C$2,'Paiements échelonnés'!B:B,0)),ROW()-40,0),"") | F53: =SUMIFS('Paiements échelonnés'!E:E,'Paiements échelonnés'!C:C,B53,'Paiements échelonnés'!A:A,$C$2,'Paiements échelonnés'!F:F,"oui") -> 0 | H53: =E53+F53 -> 0
B54: =IF(OFFSET(OFFSET(INDEX('Paiements échelonnés'!H:H,MATCH($C$2,'Paiements échelonnés'!B:B,0)),ROW()-54,0),0,2)<>"",OFFSET(INDEX('Paiements échelonnés'!H:H,MATCH($C$2,'Paiements échelonnés'!B:B,0)),ROW()-54,0),"") -> Assurance ménage | C54: =IF(OFFSET(OFFSET(INDEX('Paiements échelonnés'!I:I,MATCH($C$2,'Paiements échelonnés'!B:B,0)),ROW()-54,0),0,1)<>"",OFFSET(INDEX('Paiements échelonnés'!I:I,MATCH($C$2,'Paiements échelonnés'!B:B,0)),ROW()-54,0),"") -> Générali | E54: =SUMIFS('Paiements échelonnés'!J:J,'Paiements échelonnés'!H:H,B54,'Paiements échelonnés'!A:A,$C$2,'Paiements échelonnés'!K:K,"non") -> 0 | F54: =SUMIFS('Paiements échelonnés'!J:J,'Paiements échelonnés'!H:H,B54,'Paiements échelonnés'!A:A,$C$2,'Paiements échelonnés'!K:K,"oui") -> 12 | H54: =E54+F54 -> 12
B55: =IF(OFFSET(OFFSET(INDEX('Paiements échelonnés'!H:H,MATCH($C$2,'Paiements échelonnés'!B:B,0)),ROW()-54,0),0,2)<>"",OFFSET(INDEX('Paiements échelonnés'!H:H,MATCH($C$2,'Paiements échelonnés'!B:B,0)),ROW()-54,0),"") | C55: =IF(OFFSET(OFFSET(INDEX('Paiements échelonnés'!I:I,MATCH($C$2,'Paiements échelonnés'!B:B,0)),ROW()-54,0),0,1)<>"",OFFSET(INDEX('Paiements échelonnés'!I:I,MATCH($C$2,'Paiements échelonnés'!B:B,0)),ROW()-54,0),"") | E55: =SUMIFS('Paiements échelonnés'!J:J,'Paiements échelonnés'!H:H,B55,'Paiements échelonnés'!A:A,$C$2,'Paiements échelonnés'!K:K,"non") -> 0 | F55: =SUMIFS('Paiements échelonnés'!J:J,'Paiements échelonnés'!H:H,B55,'Paiements échelonnés'!A:A,$C$2,'Paiements échelonnés'!K:K,"oui") -> 0 | H55: =E55+F55 -> 0
B56: =IF(OFFSET(OFFSET(INDEX('Paiements échelonnés'!H:H,MATCH($C$2,'Paiements échelonnés'!B:B,0)),ROW()-54,0),0,2)<>"",OFFSET(INDEX('Paiements échelonnés'!H:H,MATCH($C$2,'Paiements échelonnés'!B:B,0)),ROW()-54,0),"") | C56: =IF(OFFSET(OFFSET(INDEX('Paiements échelonnés'!I:I,MATCH($C$2,'Paiements échelonnés'!B:B,0)),ROW()-54,0),0,1)<>"",OFFSET(INDEX('Paiements échelonnés'!I:I,MATCH($C$2,'Paiements échelonnés'!B:B,0)),ROW()-54,0),"") | E56: =SUMIFS('Paiements échelonnés'!J:J,'Paiements échelonnés'!H:H,B56,'Paiements échelonnés'!A:A,$C$2,'Paiements échelonnés'!K:K,"non") -> 0 | F56: =SUMIFS('Paiements échelonnés'!J:J,'Paiements échelonnés'!H:H,B56,'Paiements échelonnés'!A:A,$C$2,'Paiements échelonnés'!K:K,"oui") -> 0 | H56: =E56+F56 -> 0
B57: =IF(OFFSET(OFFSET(INDEX('Paiements échelonnés'!H:H,MATCH($C$2,'Paiements échelonnés'!B:B,0)),ROW()-54,0),0,2)<>"",OFFSET(INDEX('Paiements échelonnés'!H:H,MATCH($C$2,'Paiements échelonnés'!B:B,0)),ROW()-54,0),"") | C57: =IF(OFFSET(OFFSET(INDEX('Paiements échelonnés'!I:I,MATCH($C$2,'Paiements échelonnés'!B:B,0)),ROW()-54,0),0,1)<>"",OFFSET(INDEX('Paiements échelonnés'!I:I,MATCH($C$2,'Paiements échelonnés'!B:B,0)),ROW()-54,0),"") | E57: =SUMIFS('Paiements échelonnés'!J:J,'Paiements échelonnés'!H:H,B57,'Paiements échelonnés'!A:A,$C$2,'Paiements échelonnés'!K:K,"non") -> 0 | F57: =SUMIFS('Paiements échelonnés'!J:J,'Paiements échelonnés'!H:H,B57,'Paiements échelonnés'!A:A,$C$2,'Paiements échelonnés'!K:K,"oui") -> 0 | H57: =E57+F57 -> 0
B58: =IF(OFFSET(OFFSET(INDEX('Paiements échelonnés'!H:H,MATCH($C$2,'Paiements échelonnés'!B:B,0)),ROW()-54,0),0,2)<>"",OFFSET(INDEX('Paiements échelonnés'!H:H,MATCH($C$2,'Paiements échelonnés'!B:B,0)),ROW()-54,0),"") | C58: =IF(OFFSET(OFFSET(INDEX('Paiements échelonnés'!I:I,MATCH($C$2,'Paiements échelonnés'!B:B,0)),ROW()-54,0),0,1)<>"",OFFSET(INDEX('Paiements échelonnés'!I:I,MATCH($C$2,'Paiements échelonnés'!B:B,0)),ROW()-54,0),"") | E58: =SUMIFS('Paiements échelonnés'!J:J,'Paiements échelonnés'!H:H,B58,'Paiements échelonnés'!A:A,$C$2,'Paiements échelonnés'!K:K,"non") -> 0 | F58: =SUMIFS('Paiements échelonnés'!J:J,'Paiements échelonnés'!H:H,B58,'Paiements échelonnés'!A:A,$C$2,'Paiements échelonnés'!K:K,"oui") -> 0 | H58: =E58+F58 -> 0
B59: =IF(OFFSET(OFFSET(INDEX('Paiements échelonnés'!H:H,MATCH($C$2,'Paiements échelonnés'!B:B,0)),ROW()-54,0),0,2)<>"",OFFSET(INDEX('Paiements échelonnés'!H:H,MATCH($C$2,'Paiements échelonnés'!B:B,0)),ROW()-54,0),"") | C59: =IF(OFFSET(OFFSET(INDEX('Paiements échelonnés'!I:I,MATCH($C$2,'Paiements échelonnés'!B:B,0)),ROW()-54,0),0,1)<>"",OFFSET(INDEX('Paiements échelonnés'!I:I,MATCH($C$2,'Paiements échelonnés'!B:B,0)),ROW()-54,0),"") | E59: =SUMIFS('Paiements échelonnés'!J:J,'Paiements échelonnés'!H:H,B59,'Paiements échelonnés'!A:A,$C$2,'Paiements échelonnés'!K:K,"non") -> 0 | F59: =SUMIFS('Paiements échelonnés'!J:J,'Paiements échelonnés'!H:H,B59,'Paiements échelonnés'!A:A,$C$2,'Paiements échelonnés'!K:K,"oui") -> 0 | H59: =E59+F59 -> 0
B60: =IF(OFFSET(OFFSET(INDEX('Paiements échelonnés'!H:H,MATCH($C$2,'Paiements échelonnés'!B:B,0)),ROW()-54,0),0,2)<>"",OFFSET(INDEX('Paiements échelonnés'!H:H,MATCH($C$2,'Paiements échelonnés'!B:B,0)),ROW()-54,0),"") | C60: =IF(OFFSET(OFFSET(INDEX('Paiements échelonnés'!I:I,MATCH($C$2,'Paiements échelonnés'!B:B,0)),ROW()-54,0),0,1)<>"",OFFSET(INDEX('Paiements échelonnés'!I:I,MATCH($C$2,'Paiements échelonnés'!B:B,0)),ROW()-54,0),"") | E60: =SUMIFS('Paiements échelonnés'!J:J,'Paiements échelonnés'!H:H,B60,'Paiements échelonnés'!A:A,$C$2,'Paiements échelonnés'!K:K,"non") -> 0 | F60: =SUMIFS('Paiements échelonnés'!J:J,'Paiements échelonnés'!H:H,B60,'Paiements échelonnés'!A:A,$C$2,'Paiements échelonnés'!K:K,"oui") -> 0 | H60: =E60+F60 -> 0
B61: =IF(OFFSET(OFFSET(INDEX('Paiements échelonnés'!H:H,MATCH($C$2,'Paiements échelonnés'!B:B,0)),ROW()-54,0),0,2)<>"",OFFSET(INDEX('Paiements échelonnés'!H:H,MATCH($C$2,'Paiements échelonnés'!B:B,0)),ROW()-54,0),"") | C61: =IF(OFFSET(OFFSET(INDEX('Paiements échelonnés'!I:I,MATCH($C$2,'Paiements échelonnés'!B:B,0)),ROW()-54,0),0,1)<>"",OFFSET(INDEX('Paiements échelonnés'!I:I,MATCH($C$2,'Paiements échelonnés'!B:B,0)),ROW()-54,0),"") | E61: =SUMIFS('Paiements échelonnés'!J:J,'Paiements échelonnés'!H:H,B61,'Paiements échelonnés'!A:A,$C$2,'Paiements échelonnés'!K:K,"non") -> 0 | F61: =SUMIFS('Paiements échelonnés'!J:J,'Paiements échelonnés'!H:H,B61,'Paiements échelonnés'!A:A,$C$2,'Paiements échelonnés'!K:K,"oui") -> 0 | H61: =E61+F61 -> 0
B62: =IF(OFFSET(OFFSET(INDEX('Paiements échelonnés'!H:H,MATCH($C$2,'Paiements échelonnés'!B:B,0)),ROW()-54,0),0,2)<>"",OFFSET(INDEX('Paiements échelonnés'!H:H,MATCH($C$2,'Paiements échelonnés'!B:B,0)),ROW()-54,0),"") | C62: =IF(OFFSET(OFFSET(INDEX('Paiements échelonnés'!I:I,MATCH($C$2,'Paiements échelonnés'!B:B,0)),ROW()-54,0),0,1)<>"",OFFSET(INDEX('Paiements échelonnés'!I:I,MATCH($C$2,'Paiements échelonnés'!B:B,0)),ROW()-54,0),"") | E62: =SUMIFS('Paiements échelonnés'!J:J,'Paiements échelonnés'!H:H,B62,'Paiements échelonnés'!A:A,$C$2,'Paiements échelonnés'!K:K,"non") -> 0 | F62: =SUMIFS('Paiements échelonnés'!J:J,'Paiements échelonnés'!H:H,B62,'Paiements échelonnés'!A:A,$C$2,'Paiements échelonnés'!K:K,"oui") -> 0 | H62: =E62+F62 -> 0
B63: =IF(OFFSET(OFFSET(INDEX('Paiements échelonnés'!H:H,MATCH($C$2,'Paiements échelonnés'!B:B,0)),ROW()-54,0),0,2)<>"",OFFSET(INDEX('Paiements échelonnés'!H:H,MATCH($C$2,'Paiements échelonnés'!B:B,0)),ROW()-54,0),"") | C63: =IF(OFFSET(OFFSET(INDEX('Paiements échelonnés'!I:I,MATCH($C$2,'Paiements échelonnés'!B:B,0)),ROW()-54,0),0,1)<>"",OFFSET(INDEX('Paiements échelonnés'!I:I,MATCH($C$2,'Paiements échelonnés'!B:B,0)),ROW()-54,0),"") | E63: =SUMIFS('Paiements échelonnés'!J:J,'Paiements échelonnés'!H:H,B63,'Paiements échelonnés'!A:A,$C$2,'Paiements échelonnés'!K:K,"non") -> 0 | F63: =SUMIFS('Paiements échelonnés'!J:J,'Paiements échelonnés'!H:H,B63,'Paiements échelonnés'!A:A,$C$2,'Paiements échelonnés'!K:K,"oui") -> 0 | H63: =E63+F63 -> 0
B64: =IF(OFFSET(OFFSET(INDEX('Paiements échelonnés'!H:H,MATCH($C$2,'Paiements échelonnés'!B:B,0)),ROW()-54,0),0,2)<>"",OFFSET(INDEX('Paiements échelonnés'!H:H,MATCH($C$2,'Paiements échelonnés'!B:B,0)),ROW()-54,0),"") | C64: =IF(OFFSET(OFFSET(INDEX('Paiements échelonnés'!I:I,MATCH($C$2,'Paiements échelonnés'!B:B,0)),ROW()-54,0),0,1)<>"",OFFSET(INDEX('Paiements échelonnés'!I:I,MATCH($C$2,'Paiements échelonnés'!B:B,0)),ROW()-54,0),"") | E64: =SUMIFS('Paiements échelonnés'!J:J,'Paiements échelonnés'!H:H,B64,'Paiements échelonnés'!A:A,$C$2,'Paiements échelonnés'!K:K,"non") -> 0 | F64: =SUMIFS('Paiements échelonnés'!J:J,'Paiements échelonnés'!H:H,B64,'Paiements échelonnés'!A:A,$C$2,'Paiements échelonnés'!K:K,"oui") -> 0 | H64: =E64+F64 -> 0
B65: =IF(OFFSET(OFFSET(INDEX('Paiements échelonnés'!H:H,MATCH($C$2,'Paiements échelonnés'!B:B,0)),ROW()-54,0),0,2)<>"",OFFSET(INDEX('Paiements échelonnés'!H:H,MATCH($C$2,'Paiements échelonnés'!B:B,0)),ROW()-54,0),"") | C65: =IF(OFFSET(OFFSET(INDEX('Paiements échelonnés'!I:I,MATCH($C$2,'Paiements échelonnés'!B:B,0)),ROW()-54,0),0,1)<>"",OFFSET(INDEX('Paiements échelonnés'!I:I,MATCH($C$2,'Paiements échelonnés'!B:B,0)),ROW()-54,0),"") | E65: =SUMIFS('Paiements échelonnés'!J:J,'Paiements échelonnés'!H:H,B65,'Paiements échelonnés'!A:A,$C$2,'Paiements échelonnés'!K:K,"non") -> 0 | F65: =SUMIFS('Paiements échelonnés'!J:J,'Paiements échelonnés'!H:H,B65,'Paiements échelonnés'!A:A,$C$2,'Paiements échelonnés'!K:K,"oui") -> 0 | H65: =E65+F65 -> 0
... B67: =IF(OFFSET(OFFSET(INDEX('Paiements échelonnés'!H:H,MATCH($C$2,'Paiements échelonnés'!B:B,0)),ROW()-54,0),0,2)<>"",OFFSET(INDEX('Paiements échelonnés'!H:H,MATCH($C$2,'Paiements échelonnés'!B:B,0)),ROW()-54,0),"") | C67: =IF(OFFSET(OFFSET(INDEX('Paiements échelonnés'!I:I,MATCH($C$2,'Paiements échelonnés'!B:B,0)),ROW()-54,0),0,1)<>"",OFFSET(INDEX('Paiements échelonnés'!I:I,MATCH($C$2,'Paiements échelonnés'!B:B,0)),ROW()-54,0),"") | E67: =SUMIFS('Paiements échelonnés'!J:J,'Paiements échelonnés'!H:H,B67,'Paiements échelonnés'!A:A,$C$2,'Paiements échelonnés'!K:K,"non") -> 0 | F67: =SUMIFS('Paiements échelonnés'!J:J,'Paiements échelonnés'!H:H,B67,'Paiements échelonnés'!A:A,$C$2,'Paiements échelonnés'!K:K,"oui") -> 0 | H67: =E67+F67 -> 0
B74: Diminution si non-collaboration (-15 %)
B75: Total du forfait : | E75: =SUM(E37:E74) -> 81.5 | F75: =SUM(F37:F74) -> 106.7 | G75: =SUM(G37:G74) -> 1212 | H75: =E75+F75-G75 -> -1023.8
B76: Frais de logement
B77: Frais de location ou int. Hyp. Sans amortissement | F77: =SUMIFS('Frais de logement'!F:F,'Frais de logement'!A:A,C2,'Frais de logement'!B:B,B77) -> 2400 | G77: =SUMIFS('Frais de logement'!G:G,'Frais de logement'!A:A,C2,'Frais de logement'!B:B,B77) -> 1150 | H77: =IF(F77+E77<G77,0,F77-G77) -> 1250 | J77: L | K77: LOY
B78: Charges locatives | E78: =SUMIFS('Frais de logement'!E:E,'Frais de logement'!A:A,C2,'Frais de logement'!B:B,B78) -> 0 | F78: =SUMIFS('Frais de logement'!F:F,'Frais de logement'!A:A,C2,'Frais de logement'!B:B,B78) -> 270 | G78: =SUMIFS('Frais de logement'!G:G,'Frais de logement'!A:A,C2,'Frais de logement'!B:B,B78) -> 270 | H78: =IF(F78+E78<G78,0,F78-G78) -> 0 | J78: L | K78: CHA | M78: =IF(C2='Caisse maladie'!A:A,"SI(D49=''Caisse maladie'!:C)",0) -> 0
B79: Total des frais de logement : | E79: =SUM(E77:E78) -> 0 | F79: =SUM(F77:F78) -> 2670 | G79: =SUM(G77:G78) -> 1420 | H79: =SUM(H77:H78) -> 1250
A80: Frais médicaux | B80: Frais médicaux | C80: (uniquement sur présentation des justificatifs)(art. 11 ACE 2.5.06)
B81: {=INDEX('Caisse maladie'!$C$2:$C$49,MATCH(1,('Caisse maladie'!$A$2:$A$49=C2)*('Caisse maladie'!$B$2:$B$49="LAMAL"),0))} -> CSS | D81: LAMAL | E81: =SUMIFS('Caisse maladie'!D:D,'Caisse maladie'!A:A,C2,'Caisse maladie'!B:B,D81,'Caisse maladie'!E:E,"non") -> 0 | F81: =SUMIFS('Caisse maladie'!D:D,'Caisse maladie'!A:A,C2,'Caisse maladie'!B:B,D81,'Caisse maladie'!E:E,"oui") -> 352.8 | G81: =F81+E81 -> 352.8 | H81: =G81-F81-E81 -> 0 | J81: PM
B82: Subvention | D82: LAMAL | E82: =-SUMIFS('Caisse maladie'!F:F,'Caisse maladie'!A:A,C2,'Caisse maladie'!B:B,D82,'Caisse maladie'!E:E,"non") -> 0 | F82: =-SUMIFS('Caisse maladie'!F:F,'Caisse maladie'!A:A,C2,'Caisse maladie'!B:B,D82,'Caisse maladie'!E:E,"oui") -> -12.8 | G82: =F82+E82 -> -12.8 | H82: =G82-F82-E82 -> 0
B83: =B81 -> CSS | D83: Dcpte part. | G83: =F83+E83 -> 0 | H83: =G83-F83-E83 -> 0 | J83: M
B84: =B81 -> CSS | D84: Dcpte part. | G84: =F84+E84 -> 0 | H84: =G84-F84-E84 -> 0
B85: =B81 -> CSS | D85: Dcpte part. | G85: =F85+E85 -> 0 | H85: =G85-F85-E85 -> 0
B86: =B81 -> CSS | D86: Dcpte part. | G86: =F86+E86 -> 0 | H86: =G86-F86-E86 -> 0
B87: =B81 -> CSS | D87: Dcpte part. | G87: =F87+E87 -> 0 | H87: =G87-F87-E87 -> 0
B88: Caisse compensation | D88: Remb. frais méd. | G88: =F88+E88 -> 0 | H88: =G88-F88-E88 -> 0
D89: Dentiste | G89: =F89+E89 -> 0 | H89: =G89-F89-E89 -> 0
D90: Lunettes | G90: =F90+E90 -> 0 | H90: =G90-F90-E90 -> 0
B91: Total des frais médicaux | E91: =SUM(E81:E90) -> 0 | F91: =SUM(F81:F90) -> 340 | G91: =SUM(G81:G90) -> 340 | H91: =SUM(H81:H90) -> 0
A92: Autres | B92: Prestations circonstancielles
B93: Frais de transports
B94: Repas pris hors du domicile | D94: 12 | G94: =IF(D94*10>200,200,D94*10) -> 120
G95: =E95+F95 -> 0
G96: =E96+F96 -> 0
G97: =E97+F97 -> 0
G98: =E98+F98 -> 0
B99: Total des prestations circonstancielles | E99: =SUM(E93:E98) -> 0 | F99: =SUM(F93:F98) -> 0 | G99: =SUM(G93:G98) -> 120 | H99: =SUM(H93:H98) -> 0
B101: Total des revenus | E101: =E31 -> 6205 | F101: =F31 -> 34 | G101: =G31 -> 5639 | H101: =H31 -> 0
B102: Total des charges selon les normes | E102: =E36+E75+E79+E91+E99 -> 81.5 | F102: =F36+F75+F79+F91+F99 -> 3116.7 | G102: =G36+G75+G79+G91+G99 -> 3342 | H102: =H36+H75+H79+H91+H99 -> 226.2
B104: Solde (- = découvert / + = excédent) | E104: =E101-E102 -> 6123.5 | F104: =F101-F102 -> -3082.7 | G104: =G101-G102 -> 2297 | H104: =H101-H102 -> -226.2
B106: Solde | E106: =E104+F104 -> 3040.8 | G106: =G104 -> 2297 | H106: =H104 -> -226.2
B107: Diff. par rapport au normes(- = en faveur du bénéficiaire) | E107: =E106-G106 -> 743.8
B108: dont :
B109: Versé au bénéficiaire | G109: 250
B110: Comptabilisé en compte SG | G110: =E107-G109 -> 493.8
...

Sheet Frais de transport
A1: Décompte des frais de transport
C3: Lieu de départ | D3: Lieu d'arrivée | E3: Nombre de course | F3: KM/course | G3: Montant | H3: But du trajet | I3: ajouter directive transport pour la formule
A5: Janvier | B5: =D17 -> Janvier | C5: Vuisternens | D5: Farvagny | E5: 12 | F5: 1.5 | G5: =E5*F5*0.7 -> 12.6 | H5: Professionnel
A6: Janvier
A7: Janvier
A8: Janvier
A9: Janvier
A10: Janvier
A11: Janvier
A12: Janvier
A13: Janvier
A14: Janvier
A15: Janvier
A16: Janvier
C17: Total | D17: =A16 -> Janvier | G17: =SUM(G5:G16) -> 12.6
A18: février | B18: =D30 -> février | C18: Vuisternens | D18: Farvagny | E18: 12 | F18: 1.5 | G18: =E18*F18*0.7 -> 12.6 | H18: Professionnel
A19: février
A20: février
A21: février
A22: février
A23: février
A24: février
A25: février
A26: février
A27: février
A28: février
A29: février
C30: Total | D30: =A29 -> février | G30: =SUM(G18:G29) -> 12.6
A31: mars | B31: =D43 -> mars | C31: Vuisternens | D31: Farvagny | E31: 12 | F31: 1.5 | G31: =E31*F31*0.7 -> 12.6 | H31: Professionnel
A32: mars
A33: mars
A34: mars
A35: mars
A36: mars
A37: mars
A38: mars
A39: mars
A40: mars
A41: mars
A42: mars
C43: Total | D43: =A42 -> mars | G43: =SUM(G31:G42) -> 12.6
A44: avril | B44: =D56 -> avril | C44: Vuisternens | D44: Farvagny | E44: 12 | F44: 1.5 | G44: =E44*F44*0.7 -> 12.6 | H44: Professionnel
A45: avril
A46: avril
A47: avril
A48: avril
A49: avril
A50: avril
A51: avril
A52: avril
A53: avril
A54: avril
A55: avril
C56: Total | D56: =A55 -> avril | G56: =SUM(G44:G55) -> 12.6
A57: mai | B57: =D69 -> mai | C57: Vuisternens | D57: Farvagny | E57: 12 | F57: 1.5 | G57: =E57*F57*0.7 -> 12.6 | H57: Professionnel
A58: mai
A59: mai
A60: mai
A61: mai
A62: mai
A63: mai
A64: mai
A65: mai
A66: mai
A67: mai
A68: mai
C69: Total | D69: =A68 -> mai | G69: =SUM(G57:G68) -> 12.6
A70: juin | B70: =D82 -> juin | C70: Vuisternens | D70: Farvagny | E70: 12 | F70: 1.5 | G70: =E70*F70*0.7 -> 12.6 | H70: Professionnel
A71: juin
A72: juin
A73: juin
A74: juin
A75: juin
A76: juin
A77: juin
A78: juin
A79: juin
A80: juin
A81: juin
C82: Total | D82: =A81 -> juin | G82: =SUM(G70:G81) -> 12.6
A83: juillet | B83: =D95 -> juillet | C83: Vuisternens | D83: Farvagny | E83: 12 | F83: 1.5 | G83: =E83*F83*0.7 -> 12.6 | H83: Professionnel
A84: juillet
A85: juillet
A86: juillet
A87: juillet
A88: juillet
A89: juillet
A90: juillet
A91: juillet
A92: juillet
A93: juillet
A94: juillet
C95: Total | D95: =A94 -> juillet | G95: =SUM(G83:G94) -> 12.6
A96: août | B96: =D108 -> août | C96: Vuisternens | D96: Farvagny | E96: 12 | F96: 1.5 | G96: =E96*F96*0.7 -> 12.6 | H96: Professionnel
A97: août
A98: août
A99: août
A100: août
A101: août
A102: août
...

Sheet Ressources
D1: Perçu/payé par le bénéficiaire | E1: Perçu/payé par le service | F1: Droit selon les normes | G1: Supplément compte sans garantie | H1: taux d'activité % | I1: Durée en jours
A2: Janvier | B2: =A2 -> Janvier | C2: Revenu de M. | D2: 6200 | H2: 1 | I2: 30 | J2: 400 | K2: 200 | L2: =J2*H2 -> 400 | M2: =SUMIFS(L2,I2,30) -> 400 | N2: =IF(M2=0,0,IF(M2<200,200,M2)) -> 400
A3: Janvier | C3: Revenu de Mme | E3: 34 | H3: 0.2 | I3: 30 | J3: 400 | K3: 200 | L3: =J3*H3 -> 80 | M3: =SUMIFS(L3,I3,30) -> 80 | N3: =IF(M3=0,0,IF(M3<200,200,M3)) -> 200
A4: Janvier | C4: Renevu autre membre de la famille | H4: 0.1 | J4: 400 | K4: 200 | L4: =J4*H4 -> 40 | M4: =SUMIFS(L4,I4,30) -> 0 | N4: =IF(M4=0,0,IF(M4<200,200,M4)) -> 0
A5: Janvier | C5: Rente AI | D5: 5
A6: Janvier | C6: Prestations complémentaires
A7: Janvier | C7: Rente AVS
A8: Janvier | C8: Indemnité chômage
A9: Janvier | C9: Indemnité journalière mal/acc
A10: Janvier | C10: Allocations familiales
A11: Janvier | C11: Treizième salaire de M.
A12: Janvier | C12: Treizième salaire de Mme
A13: Janvier | C13: Bourse (étude ou autres)
A14: Janvier | C14: Autres
A15: Janvier | C15: Franchise si activité lucrative à 100 % durant 1 mois au minimum (au prorata du temps de travail : minimum 200.--/maximum 400.--) | F15: =N2+N3+N4 -> 600
A17: Avril
A18: Avril
A19: Avril
A21: Mai
A22: Mai
A23: Mai
A26: Juin
A27: Juin
A29: Juillet
A30: Juillet
A31: Juillet
A33: Août
... A51: Décembre

Sheet Supplément
A1: Suppléments d'intégration
A3: 42005 | C3: Droit selon les normes | D3: oui
A4: Janvier | B4: Personne sans activité qui fournit un effort d'intégration et ne peut participer à une mesure d'intégration | D4: 100 | E4: par personne
A5: Janvier | B5: Prime d'encouragement MIS | C5: =IF('BU-janv'!M34=D$3,D5*'BU-janv'!M35,0) -> 250 | D5: 250 | E5: par personne
A6: Janvier | B6: Famille monoparentale si enfant de moins de 16 ans et si la mère vit seule avec ses enfants, sans colocataire ou concubin | C6: =IF('Les normes-données de base'!$D$8=0,IF('Les normes-données de base'!$F$8-A3>-5840,D6,0),0)+IF('Les normes-données de base'!$D$8=0,IF('Les normes-données de base'!$G$8-A3>-5840,D6,0),0)+IF('Les normes-données de base'!$D$8=0,IF('Les normes-données de base'!$H$8-A3>-5840,D6,0),0)+IF('Les normes-données de base'!$D$8=0,IF('Les normes-données de base'!$I$8-A3>-5840,D6,0),0)+IF('Les normes-données de base'!$D$8=0,IF('Les normes-données de base'!$E$8-A3>-5840,D6,0),0) -> 0 | D6: 200 | E6: forfait
A7: 42036
A8: février | B8: Personne sans activité qui fournit un effort d'intégration et ne peut participer à une mesure d'intégration | C8: =C4 -> 0 | D8: 100 | E8: par personne
A9: février | B9: Prime d'encouragement MIS | C9: =IF('BU-janv'!M36=D$3,D9*'BU-janv'!M38,0) -> 0 | D9: 250 | E9: par personne
A10: février | B10: Famille monoparentale si enfant de moins de 16 ans et si la mère vit seule avec ses enfants, sans colocataire ou concubin | C10: =IF('Les normes-données de base'!$D$8=0,IF('Les normes-données de base'!$F$8-A7>-5840,D10,0),0)+IF('Les normes-données de base'!$D$8=0,IF('Les normes-données de base'!$G$8-A7>-5840,D10,0),0)+IF('Les normes-données de base'!$D$8=0,IF('Les normes-données de base'!$H$8-A7>-5840,D10,0),0)+IF('Les normes-données de base'!$D$8=0,IF('Les normes-données de base'!$I$8-A7>-5840,D10,0),0)+IF('Les normes-données de base'!$D$8=0,IF('Les normes-données de base'!$E$8-A7>-5840,D10,0),0) -> 0 | D10: 200 | E10: forfait
A11: 42064
A12: mars | B12: Personne sans activité qui fournit un effort d'intégration et ne peut participer à une mesure d'intégration | C12: =C8 -> 0 | D12: 100 | E12: par personne
A13: mars | B13: Prime d'encouragement MIS | C13: =IF('BU-janv'!M57=D$3,D13*'BU-janv'!M59,0) -> 0 | D13: 250 | E13: par personne
A14: mars | B14: Famille monoparentale si enfant de moins de 16 ans et si la mère vit seule avec ses enfants, sans colocataire ou concubin | C14: =IF('Les normes-données de base'!$D$8=0,IF('Les normes-données de base'!$F$8-A11>-5840,D14,0),0)+IF('Les normes-données de base'!$D$8=0,IF('Les normes-données de base'!$G$8-A11>-5840,D14,0),0)+IF('Les normes-données de base'!$D$8=0,IF('Les normes-données de base'!$H$8-A11>-5840,D14,0),0)+IF('Les normes-données de base'!$D$8=0,IF('Les normes-données de base'!$I$8-A11>-5840,D14,0),0)+IF('Les normes-données de base'!$D$8=0,IF('Les normes-données de base'!$E$8-A11>-5840,D14,0),0) -> 0 | D14: 200 | E14: forfait
A15: 42095
A16: avril | B16: Personne sans activité qui fournit un effort d'intégration et ne peut participer à une mesure d'intégration | C16: =C12 -> 0 | D16: 100 | E16: par personne
A17: avril | B17: Prime d'encouragement MIS | C17: =IF('BU-janv'!M61=D$3,D17*'BU-janv'!M71,0) -> 0 | D17: 250 | E17: par personne
A18: avril | B18: Famille monoparentale si enfant de moins de 16 ans et si la mère vit seule avec ses enfants, sans colocataire ou concubin | C18: =IF('Les normes-données de base'!$D$8=0,IF('Les normes-données de base'!$F$8-A15>-5840,D18,0),0)+IF('Les normes-données de base'!$D$8=0,IF('Les normes-données de base'!$G$8-A15>-5840,D18,0),0)+IF('Les normes-données de base'!$D$8=0,IF('Les normes-données de base'!$H$8-A15>-5840,D18,0),0)+IF('Les normes-données de base'!$D$8=0,IF('Les normes-données de base'!$I$8-A15>-5840,D18,0),0)+IF('Les normes-données de base'!$D$8=0,IF('Les normes-données de base'!$E$8-A15>-5840,D18,0),0) -> 0 | D18: 200 | E18: forfait
A19: 42125
A20: mai | B20: Personne sans activité qui fournit un effort d'intégration et ne peut participer à une mesure d'intégration | C20: =C16 -> 0 | D20: 100 | E20: par personne
A21: mai | B21: Prime d'encouragement MIS | C21: =IF('BU-janv'!M73=D$3,D21*'BU-janv'!M75,0) -> 0 | D21: 250 | E21: par personne
A22: mai | B22: Famille monoparentale si enfant de moins de 16 ans et si la mère vit seule avec ses enfants, sans colocataire ou concubin | C22: =IF('Les normes-données de base'!$D$8=0,IF('Les normes-données de base'!$F$8-A19>-5840,D22,0),0)+IF('Les normes-données de base'!$D$8=0,IF('Les normes-données de base'!$G$8-A19>-5840,D22,0),0)+IF('Les normes-données de base'!$D$8=0,IF('Les normes-données de base'!$H$8-A19>-5840,D22,0),0)+IF('Les normes-données de base'!$D$8=0,IF('Les normes-données de base'!$I$8-A19>-5840,D22,0),0)+IF('Les normes-données de base'!$D$8=0,IF('Les normes-données de base'!$E$8-A19>-5840,D22,0),0) -> 0 | D22: 200 | E22: forfait
A23: 42156
A24: juin | B24: Personne sans activité qui fournit un effort d'intégration et ne peut participer à une mesure d'intégration | C24: =C20 -> 0 | D24: 100 | E24: par personne
A25: juin | B25: Prime d'encouragement MIS | C25: =IF('BU-janv'!M77=D$3,D25*'BU-janv'!M79,0) -> 0 | D25: 250 | E25: par personne
A26: juin | B26: Famille monoparentale si enfant de moins de 16 ans et si la mère vit seule avec ses enfants, sans colocataire ou concubin | C26: =IF('Les normes-données de base'!$D$8=0,IF('Les normes-données de base'!$F$8-A23>-5840,D26,0),0)+IF('Les normes-données de base'!$D$8=0,IF('Les normes-données de base'!$G$8-A23>-5840,D26,0),0)+IF('Les normes-données de base'!$D$8=0,IF('Les normes-données de base'!$H$8-A23>-5840,D26,0),0)+IF('Les normes-données de base'!$D$8=0,IF('Les normes-données de base'!$I$8-A23>-5840,D26,0),0)+IF('Les normes-données de base'!$D$8=0,IF('Les normes-données de base'!$E$8-A23>-5840,D26,0),0) -> 0 | D26: 200 | E26: forfait
A27: 42186
A28: juillet | B28: Personne sans activité qui fournit un effort d'intégration et ne peut participer à une mesure d'intégration | C28: =C24 -> 0 | D28: 100 | E28: par personne
A29: juillet | B29: Prime d'encouragement MIS | C29: =IF('BU-janv'!M80=D$3,D29*'BU-janv'!M82,0) -> 0 | D29: 250 | E29: par personne
A30: juillet | B30: Famille monoparentale si enfant de moins de 16 ans et si la mère vit seule avec ses enfants, sans colocataire ou concubin | C30: =IF('Les normes-données de base'!$D$8=0,IF('Les normes-données de base'!$F$8-A27>-5840,D30,0),0)+IF('Les normes-données de base'!$D$8=0,IF('Les normes-données de base'!$G$8-A27>-5840,D30,0),0)+IF('Les normes-données de base'!$D$8=0,IF('Les normes-données de base'!$H$8-A27>-5840,D30,0),0)+IF('Les normes-données de base'!$D$8=0,IF('Les normes-données de base'!$I$8-A27>-5840,D30,0),0)+IF('Les normes-données de base'!$D$8=0,IF('Les normes-données de base'!$E$8-A27>-5840,D30,0),0) -> 0 | D30: 200 | E30: forfait
A31: 42217
A32: août | B32: Personne sans activité qui fournit un effort d'intégration et ne peut participer à une mesure d'intégration | C32: =C28 -> 0 | D32: 100 | E32: par personne
A33: août | B33: Prime d'encouragement MIS | C33: =IF('BU-janv'!M84=D$3,D33*'BU-janv'!M86,0) -> 0 | D33: 250 | E33: par personne
A34: août | B34: Famille monoparentale si enfant de moins de 16 ans et si la mère vit seule avec ses enfants, sans colocataire ou concubin | C34: =IF('Les normes-données de base'!$D$8=0,IF('Les normes-données de base'!$F$8-A31>-5840,D34,0),0)+IF('Les normes-données de base'!$D$8=0,IF('Les normes-données de base'!$G$8-A31>-5840,D34,0),0)+IF('Les normes-données de base'!$D$8=0,IF('Les normes-données de base'!$H$8-A31>-5840,D34,0),0)+IF('Les normes-données de base'!$D$8=0,IF('Les normes-données de base'!$I$8-A31>-5840,D34,0),0)+IF('Les normes-données de base'!$D$8=0,IF('Les normes-données de base'!$E$8-A31>-5840,D34,0),0) -> 0 | D34: 200 | E34: forfait
A35: 42248
A36: septembre | B36: Personne sans activité qui fournit un effort d'intégration et ne peut participer à une mesure d'intégration | C36: =C32 -> 0 | D36: 100 | E36: par personne
A37: septembre | B37: Prime d'encouragement MIS | C37: =IF('BU-janv'!M88=D$3,D37*'BU-janv'!M90,0) -> 0 | D37: 250 | E37: par personne
A38: septembre | B38: Famille monoparentale si enfant de moins de 16 ans et si la mère vit seule avec ses enfants, sans colocataire ou concubin | C38: =IF('Les normes-données de base'!$D$8=0,IF('Les normes-données de base'!$F$8-A35>-5840,D38,0),0)+IF('Les normes-données de base'!$D$8=0,IF('Les normes-données de base'!$G$8-A35>-5840,D38,0),0)+IF('Les normes-données de base'!$D$8=0,IF('Les normes-données de base'!$H$8-A35>-5840,D38,0),0)+IF('Les normes-données de base'!$D$8=0,IF('Les normes-données de base'!$I$8-A35>-5840,D38,0),0)+IF('Les normes-données de base'!$D$8=0,IF('Les normes-données de base'!$E$8-A35>-5840,D38,0),0) -> 0 | D38: 200 | E38: forfait
A39: 42278
A40: octobre | B40: Personne sans activité qui fournit un effort d'intégration et ne peut participer à une mesure d'intégration | C40: =C36 -> 0 | D40: 100 | E40: par personne
A41: octobre | B41: Prime d'encouragement MIS | C41: =IF('BU-janv'!#REF!=D$3,D41*'BU-janv'!M91,0) -> #REF! | D41: 250 | E41: par personne
A42: octobre | B42: Famille monoparentale si enfant de moins de 16 ans et si la mère vit seule avec ses enfants, sans colocataire ou concubin | C42: =IF('Les normes-données de base'!$D$8=0,IF('Les normes-données de base'!$F$8-A39>-5840,D42,0),0)+IF('Les normes-données de base'!$D$8=0,IF('Les normes-données de base'!$G$8-A39>-5840,D42,0),0)+IF('Les normes-données de base'!$D$8=0,IF('Les normes-données de base'!$H$8-A39>-5840,D42,0),0)+IF('Les normes-données de base'!$D$8=0,IF('Les normes-données de base'!$I$8-A39>-5840,D42,0),0)+IF('Les normes-données de base'!$D$8=0,IF('Les normes-données de base'!$E$8-A39>-5840,D42,0),0) -> 0 | D42: 200 | E42: forfait
A43: 42309
A44: novembre | B44: Personne sans activité qui fournit un effort d'intégration et ne peut participer à une mesure d'intégration | C44: =C40 -> 0 | D44: 100 | E44: par personne
A45: novembre | B45: Prime d'encouragement MIS | C45: =IF('BU-janv'!M92=D$3,D45*'BU-janv'!M94,0) -> 0 | D45: 250 | E45: par personne
A46: novembre | B46: Famille monoparentale si enfant de moins de 16 ans et si la mère vit seule avec ses enfants, sans colocataire ou concubin | C46: =IF('Les normes-données de base'!$D$8=0,IF('Les normes-données de base'!$F$8-A43>-5840,D46,0),0)+IF('Les normes-données de base'!$D$8=0,IF('Les normes-données de base'!$G$8-A43>-5840,D46,0),0)+IF('Les normes-données de base'!$D$8=0,IF('Les normes-données de base'!$H$8-A43>-5840,D46,0),0)+IF('Les normes-données de base'!$D$8=0,IF('Les normes-données de base'!$I$8-A43>-5840,D46,0),0)+IF('Les normes-données de base'!$D$8=0,IF('Les normes-données de base'!$E$8-A43>-5840,D46,0),0) -> 0 | D46: 200 | E46: forfait
A47: 42339
A48: décembre | B48: Personne sans activité qui fournit un effort d'intégration et ne peut participer à une mesure d'intégration | C48: =C44 -> 0 | D48: 100 | E48: par personne
A49: décembre | B49: Prime d'encouragement MIS | C49: =IF('BU-janv'!M98=D$3,D49*'BU-janv'!M101,0) -> 0 | D49: 250 | E49: par personne
A50: décembre | B50: Famille monoparentale si enfant de moins de 16 ans et si la mère vit seule avec ses enfants, sans colocataire ou concubin | C50: =IF('Les normes-données de base'!$D$8=0,IF('Les normes-données de base'!$F$8-A47>-5840,D50,0),0)+IF('Les normes-données de base'!$D$8=0,IF('Les normes-données de base'!$G$8-A47>-5840,D50,0),0)+IF('Les normes-données de base'!$D$8=0,IF('Les normes-données de base'!$H$8-A47>-5840,D50,0),0)+IF('Les normes-données de base'!$D$8=0,IF('Les normes-données de base'!$I$8-A47>-5840,D50,0),0)+IF('Les normes-données de base'!$D$8=0,IF('Les normes-données de base'!$E$8-A47>-5840,D50,0),0) -> 0 | D50: 200 | E50: forfait

Sheet Frais de logement
E1: Perçu/payé par le bénéficiaire | F1: Perçu/payé par le service | G1: Droit selon les normes | H1: Supplément compte sans garantie
B2: Frais de logement
A3: Janvier | B3: Frais de location ou int. Hyp. Sans amortissement | F3: 2400 | G3: =(SUMIF('Les normes-données de base'!A$45:B$52,'BU-janv'!$D$12,'Les normes-données de base'!B$45:B$52)) -> 1150 | H3: =IF(F3<G3,0,F3-G3) -> 1250 | J3: Attention à modifier quand tous les onglets des budgets seront prêts
A4: Janvier | B4: Charges locatives | F4: 270 | G4: =F4+E4 -> 270 | H4: =IF(F4<G4,0,F4-G4) -> 0
B5: Total des frais de logement :
A6: Février | B6: Frais de logement
A7: Février | B7: Frais de location ou int. Hyp. Sans amortissement | E7: =E3 -> 0 | F7: =F3 -> 2400 | G7: =(SUMIF('Les normes-données de base'!A$45:B$52,'BU-janv'!$D$11,'Les normes-données de base'!B$45:B$52))/'BU-janv'!$D$11*'BU-janv'!$D$12 -> 900 | H7: =IF(F7<G7,0,F7-G7) -> 1500
A8: Février | B8: Charges locatives | E8: =E4 -> 0 | F8: =F4 -> 270 | G8: =F8+E8 -> 270 | H8: =IF(F8<G8,0,F8-G8) -> 0
B9: Total des frais de logement : | E9: =SUM(E7:E8) -> 0 | F9: =SUM(F7:F8) -> 2670 | G9: =SUM(G7:G8) -> 1170 | H9: =SUM(H7:H8) -> 1500
A10: Mars | B10: Frais de logement
A11: Mars | B11: Frais de location ou int. Hyp. Sans amortissement | E11: =E7 -> 0 | F11: =F7 -> 2400 | G11: =(SUMIF('Les normes-données de base'!A$45:B$52,'BU-janv'!$D$11,'Les normes-données de base'!B$45:B$52))/'BU-janv'!$D$11*'BU-janv'!$D$12 -> 900 | H11: =IF(F11<G11,0,F11-G11) -> 1500
A12: Mars | B12: Charges locatives | E12: =E8 -> 0 | F12: =F8 -> 270 | G12: =F12+E12 -> 270 | H12: =IF(F12<G12,0,F12-G12) -> 0
B13: Total des frais de logement : | E13: =SUM(E11:E12) -> 0 | F13: =SUM(F11:F12) -> 2670 | G13: =SUM(G11:G12) -> 1170 | H13: =SUM(H11:H12) -> 1500
A14: Avril | B14: Frais de logement
A15: Avril | B15: Frais de location ou int. Hyp. Sans amortissement | E15: =E11 -> 0 | F15: =F11 -> 2400 | G15: =(SUMIF('Les normes-données de base'!A$45:B$52,'BU-janv'!$D$11,'Les normes-données de base'!B$45:B$52))/'BU-janv'!$D$11*'BU-janv'!$D$12 -> 900 | H15: =IF(F15<G15,0,F15-G15) -> 1500
A16: Avril | B16: Charges locatives | E16: =E12 -> 0 | F16: =F12 -> 270 | G16: =F16+E16 -> 270 | H16: =IF(F16<G16,0,F16-G16) -> 0
B17: Total des frais de logement : | E17: =SUM(E15:E16) -> 0 | F17: =SUM(F15:F16) -> 2670 | G17: =SUM(G15:G16) -> 1170 | H17: =SUM(H15:H16) -> 1500
A18: Mai | B18: Frais de logement
A19: Mai | B19: Frais de location ou int. Hyp. Sans amortissement | E19: =E15 -> 0 | F19: =F15 -> 2400 | G19: =(SUMIF('Les normes-données de base'!A$45:B$52,'BU-janv'!$D$11,'Les normes-données de base'!B$45:B$52))/'BU-janv'!$D$11*'BU-janv'!$D$12 -> 900 | H19: =IF(F19<G19,0,F19-G19) -> 1500
A20: Mai | B20: Charges locatives | E20: =E16 -> 0 | F20: =F16 -> 270 | G20: =F20+E20 -> 270 | H20: =IF(F20<G20,0,F20-G20) -> 0
B21: Total des frais de logement : | E21: =SUM(E19:E20) -> 0 | F21: =SUM(F19:F20) -> 2670 | G21: =SUM(G19:G20) -> 1170 | H21: =SUM(H19:H20) -> 1500
B22: Frais de logement
A23: Juin | B23: Frais de location ou int. Hyp. Sans amortissement | E23: =E19 -> 0 | F23: =F19 -> 2400 | G23: =(SUMIF('Les normes-données de base'!A$45:B$52,'BU-janv'!$D$11,'Les normes-données de base'!B$45:B$52))/'BU-janv'!$D$11*'BU-janv'!$D$12 -> 900 | H23: =IF(F23<G23,0,F23-G23) -> 1500
A24: Juin | B24: Charges locatives | E24: =E20 -> 0 | F24: =F20 -> 270 | G24: =F24+E24 -> 270 | H24: =IF(F24<G24,0,F24-G24) -> 0
B25: Total des frais de logement : | E25: =SUM(E23:E24) -> 0 | F25: =SUM(F23:F24) -> 2670 | G25: =SUM(G23:G24) -> 1170 | H25: =SUM(H23:H24) -> 1500
A26: Juillet | B26: Frais de logement
A27: Juillet | B27: Frais de location ou int. Hyp. Sans amortissement | E27: =E23 -> 0 | F27: =F23 -> 2400 | G27: =(SUMIF('Les normes-données de base'!A$45:B$52,'BU-janv'!$D$11,'Les normes-données de base'!B$45:B$52))/'BU-janv'!$D$11*'BU-janv'!$D$12 -> 900 | H27: =IF(F27<G27,0,F27-G27) -> 1500
A28: Juillet | B28: Charges locatives | E28: =E24 -> 0 | F28: =F24 -> 270 | G28: =F28+E28 -> 270 | H28: =IF(F28<G28,0,F28-G28) -> 0
B29: Total des frais de logement : | E29: =SUM(E27:E28) -> 0 | F29: =SUM(F27:F28) -> 2670 | G29: =SUM(G27:G28) -> 1170 | H29: =SUM(H27:H28) -> 1500
A30: Août | B30: Frais de logement
A31: Août | B31: Frais de location ou int. Hyp. Sans amortissement | E31: =E27 -> 0 | F31: =F27 -> 2400 | G31: =(SUMIF('Les normes-données de base'!A$45:B$52,'BU-janv'!$D$11,'Les normes-données de base'!B$45:B$52))/'BU-janv'!$D$11*'BU-janv'!$D$12 -> 900 | H31: =IF(F31<G31,0,F31-G31) -> 1500
A32: Août | B32: Charges locatives | E32: =E28 -> 0 | F32: =F28 -> 270 | G32: =F32+E32 -> 270 | H32: =IF(F32<G32,0,F32-G32) -> 0
B33: Total des frais de logement : | E33: =SUM(E31:E32) -> 0 | F33: =SUM(F31:F32) -> 2670 | G33: =SUM(G31:G32) -> 1170 | H33: =SUM(H31:H32) -> 1500
A34: Septembre | B34: Frais de logement
A35: Septembre | B35: Frais de location ou int. Hyp. Sans amortissement | E35: =E31 -> 0 | F35: =F31 -> 2400 | G35: =(SUMIF('Les normes-données de base'!A$45:B$52,'BU-janv'!$D$11,'Les normes-données de base'!B$45:B$52))/'BU-janv'!$D$11*'BU-janv'!$D$12 -> 900 | H35: =IF(F35<G35,0,F35-G35) -> 1500
A36: Septembre | B36: Charges locatives | E36: =E32 -> 0 | F36: =F32 -> 270 | G36: =F36+E36 -> 270 | H36: =IF(F36<G36,0,F36-G36) -> 0
B37: Total des frais de logement : | E37: =SUM(E35:E36) -> 0 | F37: =SUM(F35:F36) -> 2670 | G37: =SUM(G35:G36) -> 1170 | H37: =SUM(H35:H36) -> 1500
A38: Octobre | B38: Frais de logement
A39: Octobre | B39: Frais de location ou int. Hyp. Sans amortissement | E39: =E35 -> 0 | F39: =F35 -> 2400 | G39: =(SUMIF('Les normes-données de base'!A$45:B$52,'BU-janv'!$D$11,'Les normes-données de base'!B$45:B$52))/'BU-janv'!$D$11*'BU-janv'!$D$12 -> 900 | H39: =IF(F39<G39,0,F39-G39) -> 1500 | K39: =(SUMIF('Les normes-données de base'!E$45:F$52,'BU-janv'!$D$11,'Les normes-données de base'!F$45:F$52))/'BU-janv'!$D$11*'BU-janv'!$D$12 -> 0
A40: Octobre | B40: Charges locatives | E40: =E36 -> 0 | F40: =F36 -> 270 | G40: =F40+E40 -> 270 | H40: =IF(F40<G40,0,F40-G40) -> 0 | K40: =J40+I40 -> 0
B41: Total des frais de logement : | E41: =SUM(E39:E40) -> 0 | F41: =SUM(F39:F40) -> 2670 | G41: =SUM(G39:G40) -> 1170 | H41: =SUM(H39:H40) -> 1500
A42: Novembre | B42: Frais de logement
A43: Novembre | B43: Frais de location ou int. Hyp. Sans amortissement | E43: =E39 -> 0 | F43: =F39 -> 2400 | G43: =(SUMIF('Les normes-données de base'!A$45:B$52,'BU-janv'!$D$11,'Les normes-données de base'!B$45:B$52))/'BU-janv'!$D$11*'BU-janv'!$D$12 -> 900 | H43: =IF(F43<G43,0,F43-G43) -> 1500
A44: Novembre | B44: Charges locatives | E44: =E40 -> 0 | F44: =F40 -> 270 | G44: =F44+E44 -> 270 | H44: =IF(F44<G44,0,F44-G44) -> 0
B45: Total des frais de logement : | E45: =SUM(E43:E44) -> 0 | F45: =SUM(F43:F44) -> 2670 | G45: =SUM(G43:G44) -> 1170 | H45: =SUM(H43:H44) -> 1500
A46: Décembre | B46: Frais de logement
A47: Décembre | B47: Frais de location ou int. Hyp. Sans amortissement | E47: =E43 -> 0 | F47: =F43 -> 2400 | G47: =(SUMIF('Les normes-données de base'!A$45:B$52,'BU-janv'!$D$11,'Les normes-données de base'!B$45:B$52))/'BU-janv'!$D$11*'BU-janv'!$D$12 -> 900 | H47: =IF(F47<G47,0,F47-G47) -> 1500
A48: Décembre | B48: Charges locatives | E48: =E44 -> 0 | F48: =F44 -> 270 | G48: =F48+E48 -> 270 | H48: =IF(F48<G48,0,F48-G48) -> 0
B49: Total des frais de logement : | E49: =SUM(E47:E48) -> 0 | F49: =SUM(F47:F48) -> 2670 | G49: =SUM(G47:G48) -> 1170 | H49: =SUM(H47:H48) -> 1500

Sheet Caisse maladie
B2: Assurance maladie : | D2: Janvier
C3: Nom | D3: Prime mensuelle | E3: Payé par le Service | F3: Subvention
A4: Janvier | B4: LAMAL | C4: CSS | D4: 352.8 | E4: oui | F4: 12.8
A5: Janvier | B5: LCA | C5: CSS | D5: 12.4 | E5: oui | F5: 0
D6: Février
C7: Nom | D7: Prime mensuelle | E7: Payé par le Service | F7: Subvention
A8: =D6 -> Février | B8: LAMAL | C8: =C4 -> CSS | D8: =D4 -> 352.8 | E8: =E4 -> oui | F8: =F4 -> 12.8
A9: =D6 -> Février | B9: LCA | C9: =C5 -> CSS | D9: =D5 -> 12.4 | E9: =E5 -> oui | F9: =F5 -> 0
D10: Mars
C11: Nom | D11: Prime mensuelle | E11: Payé par le Service | F11: Subvention
A12: =D10 -> Mars | B12: LAMAL | C12: =C8 -> CSS | D12: =D8 -> 352.8 | E12: =E8 -> oui | F12: =F8 -> 12.8
A13: =D10 -> Mars | B13: LCA | C13: =C9 -> CSS | D13: =D9 -> 12.4 | E13: =E9 -> oui | F13: =F9 -> 0
D14: Avril
C15: Nom | D15: Prime mensuelle | E15: Payé par le Service | F15: Subvention
A16: =D14 -> Avril | B16: LAMAL | C16: =C12 -> CSS | D16: =D12 -> 352.8 | E16: =E12 -> oui | F16: =F12 -> 12.8
A17: =D14 -> Avril | B17: LCA | C17: =C13 -> CSS | D17: =D13 -> 12.4 | E17: =E13 -> oui | F17: =F13 -> 0
D18: Mai
C19: Nom | D19: Prime mensuelle | E19: Payé par le Service | F19: Subvention
A20: =D18 -> Mai | B20: LAMAL | C20: =C16 -> CSS | D20: =D16 -> 352.8 | E20: =E16 -> oui | F20: =F16 -> 12.8
A21: =D18 -> Mai | B21: LCA | C21: =C17 -> CSS | D21: =D17 -> 12.4 | E21: =E17 -> oui | F21: =F17 -> 0
D22: Juin
C23: Nom | D23: Prime mensuelle | E23: Payé par le Service | F23: Subvention
A24: =D22 -> Juin | B24: LAMAL | C24: =C20 -> CSS | D24: =D20 -> 352.8 | E24: =E20 -> oui | F24: =F20 -> 12.8
A25: =D22 -> Juin | B25: LCA | C25: =C21 -> CSS | D25: =D21 -> 12.4 | E25: =E21 -> oui | F25: =F21 -> 0
D26: Juillet
C27: Nom | D27: Prime mensuelle | E27: Payé par le Service | F27: Subvention
A28: =D26 -> Juillet | B28: LAMAL | C28: =C24 -> CSS | D28: =D24 -> 352.8 | E28: =E24 -> oui | F28: =F24 -> 12.8
A29: =D26 -> Juillet | B29: LCA | C29: =C25 -> CSS | D29: =D25 -> 12.4 | E29: =E25 -> oui | F29: =F25 -> 0
D30: Août
C31: Nom | D31: Prime mensuelle | E31: Payé par le Service | F31: Subvention
A32: =D30 -> Août | B32: LAMAL | C32: =C28 -> CSS | D32: =D28 -> 352.8 | E32: =E28 -> oui | F32: =F28 -> 12.8
A33: =D30 -> Août | B33: LCA | C33: =C29 -> CSS | D33: =D29 -> 12.4 | E33: =E29 -> oui | F33: =F29 -> 0
D34: Septembre
C35: Nom | D35: Prime mensuelle | E35: Payé par le Service | F35: Subvention
A36: =D34 -> Septembre | B36: LAMAL | C36: =C32 -> CSS | D36: =D32 -> 352.8 | E36: =E32 -> oui | F36: =F32 -> 12.8
A37: =D34 -> Septembre | B37: LCA | C37: =C33 -> CSS | D37: =D33 -> 12.4 | E37: =E33 -> oui | F37: =F33 -> 0
D38: Octobre
C39: Nom | D39: Prime mensuelle | E39: Payé par le Service | F39: Subvention
A40: =D38 -> Octobre | B40: LAMAL | C40: =C36 -> CSS | D40: =D36 -> 352.8 | E40: =E36 -> oui | F40: =F36 -> 12.8
A41: =D38 -> Octobre | B41: LCA | C41: =C37 -> CSS | D41: =D37 -> 12.4 | E41: =E37 -> oui | F41: =F37 -> 0
D42: Novembre
C43: Nom | D43: Prime mensuelle | E43: Payé par le Service | F43: Subvention
A44: =D42 -> Novembre | B44: LAMAL | C44: =C40 -> CSS | D44: =D40 -> 352.8 | E44: =E40 -> oui | F44: =F40 -> 12.8
A45: =D42 -> Novembre | B45: LCA | C45: =C41 -> CSS | D45: =D41 -> 12.4 | E45: =E41 -> oui | F45: =F41 -> 0
D46: Décembre
C47: Nom | D47: Prime mensuelle | E47: Payé par le Service | F47: Subvention
A48: =D46 -> Décembre | B48: LAMAL | C48: =C44 -> CSS | D48: =D44 -> 352.8 | E48: =E44 -> oui | F48: =F44 -> 12.8
A49: =D46 -> Décembre | B49: LCA | C49: =C45 -> CSS | D49: =D45 -> 12.4 | E49: =E45 -> oui | F49: =F45 -> 0

Sheet Paiements échelonnés
C1: Paiements échelonnés | H1: Paiements par le compte SG (pour les factures retenues chaque mois)
C2: Libellé | D2: Créanciers | E2: Montants | F2: Payé par le service | H2: Libellé | I2: Créanciers | J2: Montants | K2: Payé par le service
A3: janvier | B3: =A3 -> janvier | C3: Impôts communaux | D3: Commune de Farvagny | E3: 81.5 | F3: non | H3: Assurance ménage | I3: Générali | J3: 12 | K3: oui
A4: janvier | C4: Impôts cantonaux | D4: SCC | E4: 82.3 | F4: oui | H4: Electricité | I4: Groupe E
A5: janvier | C5: Téléphone | H5: Impôt véhicule | I5: OCN
A6: janvier | H6: Assurance véhicule
A7: janvier | H7: Billag
A8: janvier
A9: janvier
A10: janvier
A11: janvier
A12: janvier
A13: janvier
A14: janvier
A15: janvier
A16: janvier
A18: février | B18: =A18 -> février | C18: Impôts communaux | D18: Commune de Farvagny | E18: 81.5 | F18: oui | H18: Assurance ménage | I18: Générali | J18: 12 | K18: oui
A19: février | C19: Impôts cantonaux | D19: SCC | E19: 82.3 | F19: non | H19: Electricité
A20: février | C20: Téléphone | H20: OCN
A21: février | H21: Assurance véhicule
A22: février | H22: Billag
A23: février
A24: février
A25: février
A26: février
A27: février
A28: février
A29: février
A30: février
A31: février
A33: mars | B33: =A33 -> mars | C33: Impôts communaux | D33: Commune de Farvagny | E33: 81.5 | F33: oui | H33: Assurance ménage | I33: Générali | J33: 12 | K33: oui
A34: mars | C34: Impôts cantonaux | D34: SCC | E34: 82.3 | F34: non | H34: Electricité
A35: mars | C35: Téléphone | H35: OCN
A36: mars | H36: Assurance véhicule
A37: mars | H37: Billag
A38: mars
A39: mars
A40: mars
A41: mars
A42: mars
A43: mars
A44: mars
A45: mars
A46: mars
A48: avril | B48: =A48 -> avril | C48: Impôts communaux | D48: Commune de Farvagny | E48: 81.5 | F48: oui | H48: Assurance ménage | I48: Générali | J48: 12 | K48: oui
A49: avril | C49: Impôts cantonaux | D49: SCC | E49: 82.3 | F49: non | H49: Electricité
A50: avril | C50: Téléphone | H50: OCN
A51: avril | H51: Assurance véhicule
A52: avril | H52: Billag
A53: avril
A54: avril
A55: avril
A56: avril
A57: avril
A58: avril
A59: avril
A60: avril
A61: avril
A63: mai | B63: =A63 -> mai | C63: Impôts communaux | D63: Commune de Farvagny | E63: 81.5 | F63: oui | H63: Assurance ménage | I63: Générali | J63: 12 | K63: oui
A64: mai | C64: Impôts cantonaux | D64: SCC | E64: 82.3 | F64: non | H64: Electricité
A65: mai | C65: Téléphone | H65: OCN
A66: mai | H66: Assurance véhicule
A67: mai | H67: Billag
A68: mai
A69: mai
A70: mai
A71: mai
A72: mai
A73: mai
A74: mai
A75: mai
A76: mai
A78: juin | B78: =A78 -> juin | C78: Impôts communaux | D78: Commune de Farvagny | E78: 81.5 | F78: oui | H78: Assurance ménage | I78: Générali | J78: 12 | K78: oui
A79: juin | C79: Impôts cantonaux | D79: SCC | E79: 82.3 | F79: non | H79: Electricité
A80: juin | C80: Téléphone | H80: OCN
A81: juin | H81: Assurance véhicule
A82: juin | H82: Billag
A83: juin
A84: juin
A85: juin
A86: juin
A87: juin
A88: juin
A89: juin
A90: juin
A91: juin
A93: juillet | B93: =A93 -> juillet | C93: Impôts communaux | D93: Commune de Farvagny | E93: 81.5 | F93: oui | H93: Assurance ménage | I93: Générali | J93: 12 | K93: oui
A94: juillet | C94: Impôts cantonaux | D94: SCC | E94: 82.3 | F94: non | H94: Electricité
A95: juillet | C95: Téléphone | H95: OCN
A96: juillet | H96: Assurance véhicule
A97: juillet | H97: Billag
A98: juillet
A99: juillet
A100: juillet
A101: juillet
A102: juillet
A103: juillet
A104: juillet
A105: juillet
A106: juillet
...

Sheet PDF Pièces-janv.

Sheet Récap annuelle

Sheet question

Sheet Feuil1
